 Dungeon Crawl Stone Soup version 0.28.0 (webtiles) character file.

Game seed: 4177611820257625440

83 Alacron the Conjurer (level 4, -4/33 HPs)
             Began as a Demigod Conjurer on Feb 16, 2022.
             Slain by Ijyb (6 damage)
             ... on level 2 of the Dungeon.
             The game lasted 00:05:34 (2641 turns).

Alacron the Conjurer (Demigod Conjurer)             Turns: 2641, Time: 00:05:34

Health: -4/33      AC:  2    Str:  8    XL:     4   Next: 2%
Magic:  0/9        EV: 12    Int: 24    God:
Gold:   40         SH:  0    Dex: 12    Spells: 6/7 levels left

rFire   . . .      SeeInvis .   e - +0 short sword
rCold   . . .      Faith    .   (no shield)
rNeg    . . .      Spirit   .   a - +0 robe
rPois   .          Reflect  .   (no helmet)
rElec   .          Harm     .   (no cloak)
rCorr   .          Rampage  .   (no gloves)
Will    .....                   (no boots)
Stlth   ++........              (no amulet)
HPRegen 0.11/turn               (no ring)
MPRegen 0.11/turn               (no ring)

@: no status effects
A: high MP 1, forlorn, divine attributes
a: no special abilities


You were on level 2 of the Dungeon.
You visited 1 branch of the dungeon, and saw 3 of its levels.

You collected 40 gold pieces.

Inventory:

Hand Weapons
 e - a +0 short sword (weapon)
Armour
 a - a +0 robe (worn)
Jewellery
 f - an amulet of guardian spirit
Scrolls
 c - a scroll of magic mapping {unknown}
 d - a scroll of identify {unknown}
 g - a scroll of fog {unknown}
 j - 2 scrolls of enchant weapon {unknown}
 k - a scroll of torment {unknown}
 l - a scroll of teleportation {unknown}
Potions
 b - a potion of cancellation {unknown}
 h - a potion of attraction {unknown}
 i - a potion of ambrosia {unknown}


   Skills:
 + Level 0.2 Fighting
 + Level 2.0 Dodging
 + Level 2.1 Stealth
 + Level 0.4 Unarmed Combat
 + Level 2.1 Spellcasting
 + Level 4.6 Conjurations


You had 6 spell levels left.
You knew the following spells:

 Your Spells              Type           Power      Damage    Failure   Level
a - Magic Dart            Conj           100%       1d8       1%          1

Your spell library contained the following spells:

 Spells                   Type           Power      Damage    Failure   Level
 Searing Ray              Conj           50%        2d6       2%          2
 Dazzling Flash           Conj/Hex       26%        N/A       14%         3
 Summon Guardian Golem    Hex/Summ       2%         N/A       34%         3
 Fulminant Prism          Conj/Hex       6%         3d7       41%         4
 Iskenderun's Mystic Bla  Conj/Tloc      13%        2d5       41%         4


Dungeon Overview and Level Annotations

Branches:
Dungeon (3/15)

Annotations:
D:2 Ijyb


Innate Abilities, Weirdness & Mutations

You have an increased reservoir of magic. (+10% MP)
You shall have no god before yourself.
Your divine heritage dramatically boosts your attributes as you level up.


Message History

You feel less confused. Ijyb hits you with a +0 club.
Aiming: Magic Dart (safe; 1% risk of failure)
Press: ? - help, Q - select action Shift-Dir - straight line, f - Ijyb
Aim: Ijyb, wielding a +0 club and wearing a +0 ring mail (heavily wounded, strong, 100% to hit)
The magic dart hits Ijyb but does no damage.
Ijyb is heavily wounded.
Ijyb hits you with a +0 club!
Aiming: Magic Dart (safe; 1% risk of failure)
Press: ? - help, Q - select action Shift-Dir - straight line, f/p - Ijyb
Aim: Ijyb, wielding a +0 club and wearing a +0 ring mail (heavily wounded, strong, 100% to hit)
The magic dart hits Ijyb.
Ijyb is heavily wounded.
Ijyb closely misses you.
Aiming: Magic Dart (safe; 1% risk of failure)
Press: ? - help, Q - select action Shift-Dir - straight line, f/p - Ijyb
Aim: Ijyb, wielding a +0 club and wearing a +0 ring mail (heavily wounded, strong, 100% to hit)
The magic dart hits Ijyb but does no damage.
Ijyb is heavily wounded.
Ijyb hits you with a +0 club.
* * * LOW HITPOINT WARNING * * *
Aiming: Magic Dart (safe; 1% risk of failure)
Press: ? - help, Q - select action Shift-Dir - straight line, f/p - Ijyb
Aim: Ijyb, wielding a +0 club and wearing a +0 ring mail (heavily wounded, strong, 100% to hit)
The magic dart hits Ijyb.
Ijyb is heavily wounded.
Ijyb hits you with a +0 club.
* * * LOW HITPOINT WARNING * * *
Aiming: Magic Dart (safe; 1% risk of failure)
Press: ? - help, Q - select action Shift-Dir - straight line, f/p - Ijyb
Aim: Ijyb, wielding a +0 club and wearing a +0 ring mail (heavily wounded, strong, 100% to hit)
The magic dart hits Ijyb.
Ijyb is almost dead.
Ijyb closely misses you.
You don't have enough magic to cast this spell.
You don't have enough magic to cast this spell.
Unknown command.
You don't have enough magic to cast this spell.
Ijyb hits you with a +0 club.
You die...

######## #.# #.###'#.........##..
......# #.# #..##.#.##########..
#####.# #.# ##.##.#.#.....# #..
#.# #.# #.##.#.#.###.# #.. #.#
#.# #....#.....#.# #.. #.# #.#
##.#.#...#.#.####.. #.# #.#
#...#............. #####.#
#.#####.#.#...#########. ......#
#.#....@................
##########.#.####g...#.#########.
...........#.# #....#.# #.
#####.....##.# #...)#.##########
#.###.##.# ##>..#..........# #.#
#.##.# #.<.##########.# #.#
#.##.# #.#....# #.# #.###.##.#
#.####.# #.# #........# #.####.##
#.#


You could see Ijyb (strong).

Vanquished Creatures
  A gnoll (D:1)
  4 adders (D:2)
  A worm (D:2)
  5 bats
  4 endoplasms
  A giant cockroach (D:3)
  6 hobgoblins
  2 jackals (D:1)
  2 kobolds (D:1)
  A quokka (D:2)
  5 ball pythons
  A goblin (D:2)
  2 rats
35 creatures vanquished.

Notes
Turn   | Place    | Note
-------+----------+-------------------------------------------
     0 | D:1      | Alacron the Demigod Conjurer began the quest for the Orb.
     0 | D:1      | Reached XP level 1. HP: 14/14 MP: 5/5
    13 | D:1      | Got the Papyrus of Execration
   310 | D:1      | Reached skill level 4 in Conjurations
   518 | D:1      | Reached XP level 2. HP: 20/20 MP: 5/7
  1396 | D:2      | Reached XP level 3. HP: 12/26 MP: 2/8
  2477 | D:2      | Reached XP level 4. HP: 33/33 MP: 1/9
  2612 | D:3      | Noticed Ijyb
  2637 | D:2      | HP: 1/33 [Ijyb (5)]
  2641 | D:2      | Slain by Ijyb

Illustrated notes

Levels and vault maps discovered:
D:1:      minmay_arrival_diagonal_passages, layout_loops_cross
D:2:      layout_basic
D:3:      layout_loops_ring, serial_shops, nicolae_shop_waterfront,
          gammafunk_ghost_arena, uniq_sigmund, uniq_terence, uniq_ijyb,
          uniq_grinder

Skill      XL: |  1  2  3 |
---------------+----------+-----
Conjurations   | 4 |  4.6
Spellcasting   | 2 |  2.1
Stealth        | 2 |  2.1
Dodging        | 2 |  2.0
Fighting       | |  0.2
Unarmed Combat | |  0.4

Action                   |  1- 3 |  4- 6 || total
-------------------------+-------+-------++-------
Melee: Unarmed           |    40 |       ||    40
       Short sword       |     3 |     1 ||     4
 Cast: Magic Dart        |    79 |    12 ||    91
Armor: Robe              |    11 |       ||    11
Dodge: Dodged            |    36 |     3 ||    39
